 Dungeon Crawl Stone Soup version 0.19.0-2-gae57169 (webtiles) character file.

92 Gargoyl the Skirmisher (level 4, 0/35 HPs)
             Began as a Demonspawn Abyssal Knight on Nov 5, 2016.
             Was a Follower of Lugonu.
             Killed by nerve-wracking pain
             ... invoked by Jessica
              (14 damage)
             ... on level 2 of the Dungeon.
             The game lasted 00:03:34 (1763 turns).

Gargoyl the Skirmisher (Demonspawn Abyssal Knight)  Turns: 1763, Time: 00:03:35

Health: 0/35       AC: 12    Str: 13    XL:     4   Next: 35%
Magic:  6/6        EV:  6    Int: 14    God:    Lugonu [*.....]
Gold:   36         SH:  0    Dex: 12    Spells: 0 memorised, 3 levels left

rFire  . . .     SeeInvis .     a - +1 hand axe
rCold  . . .     Gourm    .     d - +0 chain mail
rNeg   . . .     Faith    .     (no shield)
rPois  .         Spirit   .     o - +0 helmet
rElec  .         Reflect  .     (no cloak)
rCorr  .         Harm     .     (no gloves)
MR     .....                    (no boots)
Stlth  ..........               (no amulet)
                                (no ring)
                                (no ring)

@: slowed, very slow
A: thin metallic scales 1, powered by death 1
a: Depart the Abyss, Renounce Religion


You were on level 2 of the Dungeon.
You worshipped Lugonu.
Lugonu was aware of your devotion.
You were not hungry.

You visited 1 branch of the dungeon, and saw 2 of its levels.
You visited the Abyss 1 time.

You collected 36 gold pieces.

Inventory:

Hand Weapons
 a - a +1 hand axe (weapon)
Armour
 b - a +0 leather armour
 d - a +0 chain mail (worn)
 o - a +0 helmet (worn)
Jewellery
 n - a +3 ring of slaying {unknown}
Wands
 e - a wand of iceblast (5/15)
 h - a wand of flame (16/48)
Scrolls
 f - a scroll of amnesia
 p - a scroll of immolation {unknown}
Potions
 g - 2 potions of heal wounds {unknown}
 i - a potion of curing
 l - a potion of agility {unknown}
 m - a potion of berserk rage {unknown}
Comestibles
 c - 2 bread rations
 j - 5 meat rations
 k - 2 chunks of flesh


   Skills:
 + Level 3.5 Fighting
 + Level 2.2 Axes
 * Level 3.0 Armour
 + Level 1.1 Dodging
 * Level 3.3 Invocations


You had 3 spell levels left.
You didn't know any spells.

Dungeon Overview and Level Annotations

Branches:
Dungeon (2/15)

Altars:
Okawaru

Annotations:
D:2 1 runed door, Jessica


Innate Abilities, Weirdness & Mutations

You are partially covered in thin metallic scales. (AC +2)
You regenerate a little health from kills.


Message History

Your Armour skill increases to level 3!
You closely miss the gnoll. You hit Jessica but do no damage.
The gnoll barely misses you. Jessica hits you but does no damage.
Unknown command.
You completely miss the gnoll.
The gnoll is almost dead.
You closely miss Jessica.
Jessica points at you and mumbles some strange words.
You feel yourself slow down. The gnoll barely misses you.
You barely miss the gnoll.
The gnoll is almost dead.
You hit Jessica but do no damage. Jessica hits you but does no damage.
The gnoll completely misses you. Jessica barely misses you.
You closely miss the gnoll.
The gnoll is almost dead.
You hit Jessica but do no damage. The gnoll closely misses you.
Jessica shouts, "You are a ghastly nuisance!"
Jessica casts a spell at you. Pain shoots through your body!
You die...

.....................####.# #.#
............###.###.......# #.#
..............#..##.#########.#
.........................(..รท>#
..............##.##.####.######
..............##..#...........#
........#########.#.####.####.#
........##.....g)....# #.#..#.#
........##.....)@....# #.#....#
........##......@....# #.##.#.##
........##...........# #.##....#
##########..........!#
#.####.###
#...........#*#.#**#....
#####...................
*,.....##.###.########
*.#....#*(# *,*,,,....
*,#.*..##,***,*****.##


You could see a gnoll and Jessica.

Vanquished Creatures
  Robin (D:2)
  2 gnolls (D:2)
  An adder (D:2)
  2 oozes
  A dart slug (D:1)
  A leopard gecko (D:1)
  8 bats
  A giant cockroach (D:2)
  13 goblins
  5 hobgoblins
  3 kobolds
  A frilled lizard (D:1)
  A rat (D:2)
40 creatures vanquished.

Vanquished Creatures (others)
  5 toadstools (D:1)
5 creatures vanquished.

Grand Total: 45 creatures vanquished

Notes
Turn   | Place    | Note
-------+----------+-------------------------------------------
     0 | Abyss:1  | Gargoyl the Demonspawn Abyssal Knight began the quest for the Orb.
     0 | Abyss:1  | Reached XP level 1. HP: 18/18 MP: 2/2
    39 | Abyss:1  | Noticed a revenant
    44 | Abyss:1  | Noticed a spectral ice dragon
    46 | Abyss:1  | Noticed a spectral iron dragon
    46 | Abyss:1  | Noticed a spectral ogre
    50 | Abyss:1  | Noticed a small abomination
    55 | Abyss:1  | Noticed a spectral five-headed hydra
    81 | Abyss:2  | Found a corrupted altar of Lugonu.
    87 | Abyss:3  | Found a corrupted altar of Lugonu.
    95 | Abyss:3  | Noticed a chaos spawn
    95 | Abyss:3  | Noticed a chaos spawn
    96 | Abyss:3  | Noticed a chaos spawn
    97 | Abyss:3  | Noticed a chaos spawn
    97 | Abyss:3  | Noticed a chaos spawn
    98 | Abyss:3  | Noticed a chaos spawn
   112 | Abyss:3  | Noticed a glowing orange brain
   112 | Abyss:3  | Noticed a ynoxinul
   112 | Abyss:3  | Noticed an ancient zyme
   117 | D:1      | Escaped the Abyss
   315 | D:1      | Reached skill level 1 in Dodging
   388 | D:1      | Gained mutation: You regenerate a little health from kills. [demonic ancestry]
   388 | D:1      | Reached XP level 2. HP: 24/24 MP: 3/3
   489 | D:1      | Reached * piety under Lugonu
  1284 | D:2      | Reached XP level 3. HP: 28/29 MP: 4/4
  1363 | D:2      | Found an iron altar of Okawaru.
  1537 | D:2      | Noticed Robin
  1557 | D:2      | Killed Robin
  1557 | D:2      | Gained mutation: You are partially covered in thin metallic scales. (AC +2) [demonic ancestry]
  1557 | D:2      | Reached XP level 4. HP: 30/35 MP: 6/6
  1662 | D:2      | Found a runed door.
  1747 | D:2      | Noticed Jessica
  1758 | D:2      | HP: 1/35 [Jessica/dagger (1)]
  1763 | D:2      | Killed from afar by Jessica

Skill      XL: |  1  2  3  4 |
---------------+-------------+-----
Dodging        | 1 |  1.1
Armour         | 2 3 |  3.0
Axes           | 2 |  2.2
Invocations    | 3 |  3.3
Fighting       | |  3.5

Action                   |  1- 3 |  4- 6 || total
-------------------------+-------+-------++-------
Melee: Hand axe          |   133 |    11 ||   144
Invok: Depart the Abyss  |     1 |       ||     1
  Use: Scroll            |     5 |       ||     5
       Potion            |       |     1 ||     1
  Eat: Chunk             |     2 |     1 ||     3
Armor: Chain mail        |   142 |     9 ||   151
Dodge: Dodged            |    71 |    11 ||    82
